 Dungeon Crawl Stone Soup version 0.28-a0-925-gd5e1996cdb (webtiles) character file.

Game seed: 8995351261369120168

77 BinkBink the Ducker (level 4, -6/24 HPs)
             Began as a Spriggan Monk on Nov 26, 2021.
             Killed by divine providence
             ... invoked by an orc priest
              (13 damage)
             ... on level 3 of the Dungeon.
             The game lasted 00:04:31 (3395 turns).

BinkBink the Ducker (Spriggan Monk)                 Turns: 3395, Time: 00:04:31

Health: -6/24      AC:  2    Str:  7    XL:     4   Next: 14%
Magic:  5/5        EV: 19    Int: 11    God:
Gold:   44         SH:  0    Dex: 18    Spells: 3/3 levels left

rFire   . . .      SeeInvis +   c - +0 short sword (flame)
rCold   . . .      Faith    .   (shield restricted)
rNeg    . . .      Spirit   .   b - +0 robe
rPois   .          Reflect  .   (helmet restricted)
rElec   .          Harm     .   (no cloak)
rCorr   .          Rampage  .   (gloves unavailable)
Will    .....                   (boots unavailable)
Stlth   ++........              (no amulet)
HPRegen 0.08/turn               (no ring)
MPRegen 0.09/turn               (no ring)

@: very quick
A: very small, no large weapons, unfitting armour, see invisible, speed 3
a: no special abilities


You were on level 3 of the Dungeon.
You visited 1 branch of the dungeon, and saw 3 of its levels.

You collected 44 gold pieces.

Inventory:

Hand Weapons
 a - a +0 short sword
 c - a +0 short sword of flaming (weapon)
Missiles
 j - 2 throwing nets (quivered)
Armour
 b - a +0 robe (worn)
Jewellery
 i - a ring of fire
Scrolls
 d - a scroll of magic mapping {unknown}
 e - a scroll of teleportation {unknown}
 g - a scroll of vulnerability {unknown}
Potions
 f - a potion of attraction {unknown}
 h - a potion of magic {unknown}


   Skills:
 + Level 3.0 Fighting
 + Level 4.4 Short Blades
 + Level 4.9 Dodging
 - Level 3.0 Stealth


You had 3 spell levels left.
You didn't know any spells.
Your spell library contained the following spells:

 Spells                   Type           Power      Damage    Failure   Level
 Beastly Appendage        Tmut           0%         N/A       34%         1
 Slow                     Hex            0%         N/A       34%         1
 Static Discharge         Conj/Air       0%         N/A       47%         2
 Confusing Touch          Hex            0%         N/A       71%         3
 Vampiric Draining        Necr           0%         2d6       71%         3
 Ice Form                 Ice/Tmut       0%         N/A       98%         4
 Petrify                  Tmut/Erth      0%         N/A       98%         4
 Metabolic Englaciation   Hex/Ice        0%         N/A       100%        5
 Statue Form              Tmut/Erth      0%         N/A       100%        6


Dungeon Overview and Level Annotations

Branches:
Dungeon (3/15)

Altars:
Hepliaklqana

Annotations:
D:2 1 runed translucent door, Crazy Yiuf, Sigmund, Terence


Innate Abilities, Weirdness & Mutations

You are very small and have problems with some larger weapons.
You are too small for most types of armour.
You have supernaturally acute eyesight. (SInv)
You cover ground extremely quickly. (Speed+++)


Message History

There is an open door here.
An adder comes into view.
The adder hisses angrily.
You hit the adder but do no damage. The adder bites you.
You are poisoned.
The adder poisons you!
You barely miss the adder.
You feel sick. The adder misses you.
You hit the adder. You burn the adder.
The adder is heavily wounded.
You feel sick. The adder completely misses you.
You hit the adder. You burn the adder.
You kill the adder!
You feel sick.
You feel sick.
You feel sick.
You feel sick.
You are no longer poisoned.
An orc comes into view. It is wielding a +0 falchion.
An orc comes into view.
It is wielding a +0 flail of protection.
An orc comes into view. It is wielding a +0 club.
The orc shouts!
You hear a shout! x2
An orc priest comes into view. It is wielding a +0 club.
The orc shouts!
An orc comes into view. It is wielding a +0 club.
The orc shouts!
The orc priest casts a cantrip, but nothing happens.
The orc misses you.
You hit the orc. You burn the orc.
The orc is severely wounded.
The orc closely misses you.
The orc priest mumbles some strange prayers to Beogh against you.
Beogh smites you!
Ouch! That really hurt!
The orc hits you but does no damage.
The orc throws a boomerang.
The boomerang hits you.
* * * LOW HITPOINT WARNING * * *
The orc priest mumbles some strange prayers to Beogh against you.
Beogh smites you!
Ouch! That really hurt!
You die...

.....# #.##.# .....#
#.##.# .....# #.##.#
###### #.##.# #.##.#
############# #.##.#
#....o......# #....#
#....o..o...#
###..######....o#+#...#
#..........@..o.+ .
#.....###########
#.....# #.....# #.....#
###...# #...# #....


You could see an orc priest and 4 orcs.

Vanquished Creatures
  Jessica (D:2)
  An adder (D:3)
  5 endoplasms
  3 giant cockroaches
  6 goblins
  3 hobgoblins (D:1)
  3 quokkas
  A ball python (D:2)
  6 bats
  2 frilled lizards
  6 kobolds
  A rat (D:1)
  A spectral kobold (D:3)
39 creatures vanquished.

Notes
Turn   | Place    | Note
-------+----------+-------------------------------------------
     0 | D:1      | BinkBink the Spriggan Monk began the quest for the Orb.
     0 | D:1      | Reached XP level 1. HP: 11/11 MP: 2/2
   353 | D:1      | Reached XP level 2. HP: 16/16 MP: 3/3
  1168 | D:2      | Noticed Terence
  1380 | D:2      | Reached XP level 3. HP: 19/19 MP: 4/4
  1385 | D:2      | Noticed Jessica
  1405 | D:2      | Killed Jessica
  1882 | D:2      | Noticed Sigmund
  2456 | D:2      | Got the Volume of Shifting Air
  2464 | D:2      | Found a runed translucent door.
  2465 | D:2      | Noticed Crazy Yiuf
  3202 | D:3      | Found a hazy altar of Hepliaklqana.
  3218 | D:3      | Reached XP level 4. HP: 21/24 MP: 5/5
  3395 | D:3      | Killed from afar by an orc priest

Illustrated notes

Levels and vault maps discovered:
D:1:      giann_wishing_wells, layout_loops_ring, kennysheep_decorative_pillar
D:2:      layout_rooms, uniq_crazy_yiuf_cottage, uniq_jessica, uniq_terence,
          uniq_sigmund
D:3:      layout_basic, nicolae_hepliaklqana_monster_ancestors,
          mainiacjoe_overflow_small_starburst, serial_shops,
          nicolae_shop_bloodbath_and_beyond, nicolae_shop_behind_doors

Skill      XL: |  1  2  3 |
---------------+----------+-----
Short Blades   | 4 |  4.4
Fighting       | 3 |  3.0
Dodging        | |  4.9
Stealth        | |  3.0

Action                   |  1- 3 |  4- 6 || total
-------------------------+-------+-------++-------
Melee: Short sword       |   159 |    11 ||   170
 Stab: Sleeping          |     7 |       ||     7
Armor: Robe              |    18 |     1 ||    19
Dodge: Dodged            |   140 |     8 ||   148

Table legend: (Time is in decaauts)
 A = Elapsed time spent in this place.
 B = Non-inter-level travel time spent in this place.
 C = Inter-level travel time spent in this place.
 D = Time resting spent in this place.
 E = Time spent auto-exploring this place.
 F = Levels seen in this place.
 G = Mean time per level.
                   A        B        C        D        E       F      G
               +--------+--------+--------+--------+--------+-----+--------+
         Total |   2791 |   2743 |     48 |      0 |   2327 |   3 |  930.3 |
       Dungeon |   2791 |   2743 |     48 |      0 |   2327 |   3 |  930.3 |
               +--------+--------+--------+--------+--------+-----+--------+

Top non-repeatable levels by time:
     D:1: 1290 daAuts
     D:2: 1245 daAuts
     D:3: 255 daAuts
